 Dungeon Crawl Stone Soup version 0.20-a0-1124-g2e29d97 (console) character file.

124142 nht the Brawler (level 16, 0/132 HPs)
             Began as a Ghoul Earth Elementalist on May 14, 2017.
             Was a Follower of Lugonu.
             Slain by an entropy weaver (8 damage)
             ... on level 2 of the Spider Nest on May 15, 2017.
             The game lasted 01:55:05 (26834 turns).

nht the Brawler (Ghoul Earth Elementalist)         Turns: 26834, Time: 01:55:06

Health: 0/132      AC: 19    Str: 14    XL:     16   Next: 92%
Magic:  10/24      EV:  7    Int: 15    God:    Lugonu [*.....]
Gold:   596        SH: 15    Dex: 12    Spells: 14/23 levels left

rFire    . . .     SeeInvis .     - Unarmed
rCold    + . .     Gourm    .   r - +0 shield
rNeg     + + +     Faith    .   N - +6 chain mail of the Sunfish {Dex+3}
rPois    ∞         Spirit   .   I - +1 helmet
rElec    .         Reflect  +   F - scarf {repulsion}
rCorr    +         Harm     .   K - +2 pair of gloves {archery}
MR       +....                  Q - +0 pair of boots
Stlth    ..........             W - +4 amulet of reflection
Regen    0.0/turn               t - ring of resist corrosion
MPRegen  0.2/turn               p - ring of Shadows {Umbra +Inv Stlth+}

@: corroded, very slightly contaminated, rotting, wreathed by umbra, repel
missiles
A: rotting body, claws 1, carnivore 3, cold resistance 1, negative energy
resistance 3, inhibited regeneration, torment resistance, unbreathing
a: Depart the Abyss, Renounce Religion, Evoke Invisibility


You were on level 2 of the Spider Nest.
You worshipped Lugonu.
Lugonu was aware of your devotion.
You were not hungry.

You visited 5 branches of the dungeon, and saw 26 of its levels.
You visited the Abyss 2 times.
You also visited: Labyrinth, Ossuary and Ice Cave.

You collected 2474 gold pieces.
You spent 1878 gold pieces at shops.

Inventory:

Hand Weapons
 s - the +1 shortbow "Pakluf Daink" {freeze, rElec rC+ rN+}
   (You found it on level 2 of the Lair of Beasts)

   It causes projectiles fired from it to freeze those they strike, causing
   extra injury to most foes and up to half again as much damage against
   particularly susceptible opponents.
   They can also slow down cold-blooded creatures.
   It protects you from cold.
   It insulates you from electricity.
   It protects you from negative energy.
Missiles
 b - 156 stones (quivered)
 L - 2 steel javelins
Armour
 j - the scarf "Docwa" {-Tele Regen+ Stlth+}
   (You bought it in a shop on level 2 of the Orcish Mines)

   It prevents most forms of teleportation.
   It increases your rate of regeneration.
   It makes you more stealthy.
 r - a +0 shield (worn)
 F - a scarf of repulsion (worn)
 I - a +1 helmet (worn)
 K - a +2 pair of gloves of archery (worn)
 N - the +6 chain mail of the Sunfish (worn) {Dex+3}
   (You found it on level 4 of the Lair of Beasts)

   It affects your dexterity (+3).
 Q - a +0 pair of boots (worn)
Magical Staves
 x - an uncursed staff of earth
Jewellery
 p - the ring of Shadows (right hand) {Umbra +Inv Stlth+}
   (You bought it in a shop on level 6 of the Dungeon)

   [ring of stealth]

   It lets you turn invisible.
   It makes you more stealthy.
 t - a ring of resist corrosion (left hand)
 u - an uncursed ring of protection from cold
 y - an uncursed ring of magical power
 P - the ring "Noileq" {*Tele rPois rC+ Str+4}
   (You found it on level 13 of the Dungeon)

   [ring of teleportation]

   It may teleport you next to monsters.
   It affects your strength (+4).
   It protects you from cold.
   It protects you from poison.
 V - a cursed ring of see invisible
 W - a +4 amulet of reflection (around neck)
Wands
 c - a wand of iceblast (7/15)
 B - a wand of iceblast (2/15)
 C - a wand of iceblast (13/15)
 G - a wand of disintegration (15/24)
 R - a wand of disintegration (9/24)
 S - a wand of digging (7/24)
 T - a wand of clouds (0/9)
Scrolls
 a - a scroll of blinking
 g - 9 scrolls of remove curse
 k - 4 scrolls of fog
 m - a scroll of magic mapping
 n - 5 scrolls of amnesia
 v - 7 scrolls of enchant weapon
 w - 12 scrolls of identify
 D - 4 scrolls of enchant armour
Potions
 i - 2 potions of curing
 o - 5 potions of cancellation
 A - 4 potions of flight
 J - a potion of resistance
Books
 e - a book of Geomancy

   Spells                             Type                      Level
   a - Sandblast                      Earth                        1
   b - Passwall                       Transmutation/Earth          2
   c - Stone Arrow                    Conjuration/Earth            3
   d - Petrify                        Transmutation/Earth          4
   e - Lee's Rapid Deconstruction     Earth                        5
 H - a book of Unlife

   Spells                             Type                      Level
   a - Recall                         Summoning/Translocation      3
   b - Animate Dead                   Necromancy                   4
   c - Control Undead                 Necromancy                   4
   d - Cigotuvi's Embrace             Necromancy                   5
   e - Death Channel                  Necromancy                   6
   f - Simulacrum                     Ice/Necromancy               6
 Y - a book of Annihilations

   Spells                             Type                      Level
   a - Poison Arrow                   Conjuration/Poison           6
   b - Chain Lightning                Conjuration/Air              8
   c - Lehudib's Crystal Spear        Conjuration/Earth            8
   d - Glaciate                       Conjuration/Ice              9
   e - Fire Storm                     Conjuration/Fire             9
Miscellaneous
 l - a phial of floods (inert)
 E - a lamp of fire (inert)
 O - a fan of gales
Comestibles
 d - 13 meat rations
 f - 3 chunks of flesh
 q - 27 royal jellies


   Skills:
 - Level 9.0 Fighting
 - Level 7.0 Armour
 - Level 5.0 Dodging
 - Level 2.1 Stealth
 + Level 9.3 Shields
 * Level 19.8 Unarmed Combat
 - Level 4.0 Spellcasting
   Level 0.8 Transmutations
 - Level 12.0 Earth Magic
 - Level 13.0 Invocations


You had 14 spell levels left.
You knew the following spells:

 Your Spells              Type           Power        Failure   Level  Hunger
a - Sandblast             Erth           #####.       4%          1    None
b - Lee's Rapid Deconstr  Erth           #####.....   80%         5    ######.
c - Stone Arrow           Conj/Erth      ###...       86%         3    ###....


Dungeon Overview and Level Annotations

Branches:
Dungeon (15/15)            Temple (1/1) D:5            Lair (6/6) D:10
 Shoals (0/4) Lair:3       Spider (2/4) Lair:3        Slime (0/5) Lair:5
    Orc (2/2) D:10            Elf (0/3) Orc:2        Vaults (0/5) D:13
 Depths (0/5) D:15

Altars:
Ashenzari
Cheibriados
Dithmenos
Elyvilon
Fedhas
Gozag
Hepliaklqana
Kikubaaqudgha
Makhleb
Nemelex Xobeh
Okawaru
Qazlal
Ru
Sif Muna
Trog
Uskayaw
Vehumet
Wu Jian
Xom
Yredelemnul
Zin
The Shining One
Beogh

Shops:
D:6 =   Orc:2 *=[(}

Annotations:
Lair:2 exclusion: 4 oklob plants


Innate Abilities, Weirdness & Mutations

Your body is rotting away.
You thrive on raw meat.
You are immune to poison.
You have sharp fingernails.
You are carnivorous and can eat meat at any time.
Your flesh is cold resistant. (rC+)
You are immune to negative energy. (rN+++)
You do not regenerate when monsters are visible.
You are immune to unholy pain and torment.
You can survive without breathing.


Message History

b - 157 stones The entropy weaver hits you but does no damage. x2
You block the entropy weaver's attack. x2
Unknown command.
Casting: Sandblast
Confirm with . or Enter, or press ? or * to list all spells.
Aiming: Sandblast
Press: ? - help, Shift-Dir - straight line, f/p - entropy weaver
Aim: an entropy weaver (severely wounded, umbra)
The blast of sand misses the entropy weaver.
b - 156 stones The entropy weaver hits you!
* * * LOW HITPOINT WARNING * * *
You block the entropy weaver's attack.
The entropy weaver barely misses you. x2
The entropy weaver hits you but does no damage.
The entropy weaver hits you.
* * * LOW HITPOINT WARNING * * *
You block the entropy weaver's attack. x2
You feel better. The entropy weaver hits you!
You die...

..████.██ █^██......███***,*****,
██..█.██**█^█..████^█**,,,,,,,,,,
███.██**,....██ *█.█,,,,,,,,,,,
███**,████.* **..,,,,,,,,,,,
*****,,,** ██* *,,**,,,,,,,,,,
,,,**,,** **,█*,*,,,,,,,,,
,,,**,** *,.█*,*,,,,,,,,, ,,,****
█████.█*,**,,,,,,,,, ,,**,*
██..@as█,,***,,,,,,,, ,,**,*
██.████s█,***,,,,,,,,, ,,*█,*
███.██*,*,..**,,,,,,,,,,
,,.█.█████..██*█...,.^.,,,,,,,,,,
...........████...█,,██.,*,,,,,,,
...█.........█...██,,,,,,,**,,,,,
..████...).█..[...█,,,,,,,**,,,,,
....*██...███.....█.,,,,,,***,,,*
...,,*███..██.......,,,,,,,,,,,**


You could see an entropy weaver, a jumping spider and a redback.

Vanquished Creatures
  Louise (Spider:2)
  An orc warlord (Orc:2)
  A stone giant (Orc:1)
  A minotaur (Lab)
  The ghost of grisnicke the Slicer, a journeyman HaSk of Uskayaw (Lair:2)
  7 hydras
  Harold (Lair:3)
  2 vault guards (D:13)
  An ice dragon (Lair:4)
  3 centaur warriors
  3 catoblepae (Lair:6)
  7 two-headed ogres
  7 death yaks (Lair:6)
  An orc high priest (Orc:2)
  A shock serpent (shapeshifter) (D:15)
  2 unseen horrors
  3 wizards (D:15)
  A large abomination (Abyss:3)
  4 orc knights
  A necromancer (D:15)
  7 wolf spiders
  2 orc sorcerers (Orc:2)
  An ugly thing (D:13)
  5 orb spiders
  3 deep elf magi
  6 cyclopes
  4 manticores
  6 elephants
  2 rust devils
  4 black mambas
  An apocalypse crab (Abyss:3)
  10 spiny frogs
  3 smoke demons (Abyss:3)
  4 gargoyles (Lab)
  2 torpor snails (Spider:1)
  A freezing wraith (D:15)
  7 komodo dragons
  2 rime drakes
  5 demonic crawlers (Spider:2)
  2 trolls
  3 meliai (Lair:5)
  2 tengu conjurers (D:15)
  3 jumping spiders
  A hornet (Spider:1)
  A wolf spider simulacrum (IceCv)
  A queen bee (Lair:2)
  5 polar bears (Lair:5)
  14 blink frogs
  Grinder (D:3)
  A meliai zombie (D:15)
  3 slime creatures (D:15)
  5 raiju
  A centaur simulacrum (D:15)
  14 hippogriffs
  A shadow (D:12)
  Sigmund (D:6)
  6 wyverns
  41 redbacks
  A wraith (D:15)
  13 tarantellas
  A spriggan (shapeshifter) (D:15)
  A spriggan (D:7)
  41 yaks
  8 basilisks
  5 hogs (Lair:4)
  2 neqoxecs (Abyss:3)
  5 hungry ghosts
  A golden eye (Abyss:3)
  A steam dragon (D:9)
  7 vampire mosquitoes (D:15)
  A death yak simulacrum (IceCv)
  4 wargs
  Menkaure (D:5)
  15 water moccasins
  Duvessa (D:5)
  10 porcupines
  A meliai simulacrum (D:15)
  27 orc warriors
  2 necrophages
  An alligator simulacrum (IceCv)
  7 ice beasts
  2 phantoms
  4 sky beasts
  A black bear (D:8)
  10 ogres
  10 wolves
  A small abomination (Abyss:3)
  17 centaurs
  9 crocodiles
  A big kobold (D:11)
  23 bullfrogs
  An earth elemental (Abyss:3)
  2 wyvern zombies
  Dowan (D:5)
  A wyvern skeleton (D:12)
  13 scorpions
  32 killer bees
  7 wights
  3 electric eels
  4 howler monkeys
  8 crimson imps
  A bullfrog zombie (D:12)
  3 quasits
  3 human zombies (Ossuary)
  6 hounds
  4 centaur zombies
  16 orc priests
  Crazy Yiuf (D:5)
  12 jellies
  17 orc wizards
  12 centaur skeletons
  6 iguanas
  Ijyb (D:4)
  Terence (D:2)
  Natasha (thrice) (D:3)
  7 hell rats
  9 worker ants
  A wolf simulacrum (IceCv)
  A big kobold zombie (Ossuary)
  A hound zombie (D:5)
  A hound skeleton (D:7)
  4 worker ant zombies
  4 mummies
  12 gnolls
  22 adders
  5 scorpion zombies (Ossuary)
  7 shadow imps
  20 white imps
  3 oozes
  An adder skeleton (D:5)
  4 worms
  6 dart slugs
  3 leopard geckos
  63 orcs
  2 giant cockroaches
  2 gnoll zombies (Ossuary)
  3 goblins
  6 hobgoblins
  8 jackals
  9 kobolds
  3 quokkas
  5 ball pythons
  6 bats
  6 frilled lizards
  2 goblin zombies (Ossuary)
  5 hobgoblin zombies (Ossuary)
  A kobold zombie (Ossuary)
  A leopard gecko zombie (D:5)
  2 orc zombies (D:8)
  9 rats
  2 plants
868 creatures vanquished.

Vanquished Creatures (collateral kills)
  Rupert (Lair:4)
  Kirke (Lair:4)
  An orc warlord (Orc:2)
  The ghost of Amnesiac the Devastator, a journeyman DEIE of Sif Muna (D:13)
  An entropy weaver (Spider:1)
  2 vault guards (D:13)
  2 hydras
  A centaur warrior (D:14)
  A two-headed ogre (D:10)
  6 death yaks (Lair:6)
  An orc high priest (Orc:2)
  An orc knight (Orc:2)
  An orb spider (Spider:1)
  2 orc sorcerers (Orc:2)
  A wolf spider (Spider:1)
  A manticore (Lair:6)
  A rust devil (D:5)
  A torpor snail (Lair:6)
  A spiny frog (Lair:4)
  A komodo dragon (Lair:6)
  An efreet (D:15)
  A demonic crawler (Spider:1)
  4 polar bears
  A queen bee (Lair:5)
  6 jumping spiders (Spider:1)
  A blink frog (Lair:4)
  A hippogriff (Lair:6)
  8 redbacks (Spider:1)
  3 tarantellas (Spider:1)
  A wyvern (Lair:4)
  8 yaks
  A basilisk (Lair:6)
  Grum (D:8)
  A warg (Orc:2)
  A water moccasin (Lair:2)
  5 orc warriors
  5 wolves
  A centaur (D:14)
  An ogre (Orc:2)
  2 crocodiles
  2 gnoll sergeants
  17 killer bees (Lair:5)
  An electric eel (Lair:5)
  A crimson imp (D:8)
  2 jellies (Lair:5)
  2 orc priests (Orc:2)
  3 orc wizards (Orc:2)
  3 hell rats (Lair:1)
  A worker ant (D:14)
  A hound zombie (D:8)
  2 gnolls (D:12)
  5 orcs
121 creatures vanquished.

Vanquished Creatures (others)
  A centaur warrior (D:15)
  An unseen horror (D:13)
  A cyclops (D:15)
  A yak (Lair:5)
  A vampire mosquito (D:15)
  A black bear (D:8)
  5 centaurs
  An orc priest (D:11)
  3 orc wizards
  An orc (D:11)
  A bush (Lair:6)
  18 fungi
  28 plants
  4 starspawn tentacles (Abyss:3)
67 creatures vanquished.

Grand Total: 1056 creatures vanquished

Notes
Turn   | Place    | Note
-------+----------+-------------------------------------------
     0 | D:1      | nht the Ghoul Earth Elementalist began the quest for the Orb.
     0 | D:1      | Reached XP level 1. HP: 14/14 MP: 2/2
   174 | D:1      | Reached XP level 2. HP: 18/20 MP: 0/3
   655 | D:2      | Noticed Terence
   693 | D:2      | Found a basalt altar of Yredelemnul.
   699 | D:2      | Found a sparkling altar of Nemelex Xobeh.
   914 | D:2      | Found a white marble altar of Elyvilon.
   920 | D:2      | Reached XP level 3. HP: 20/26 MP: 0/4
  1092 | D:3      | Noticed Grinder
  1119 | D:2      | Killed Terence
  1119 | D:2      | Reached skill level 5 in Earth Magic
  1119 | D:2      | Reached XP level 4. HP: 20/33 MP: 5/5
  1239 | D:2      | Found a faded altar of an unknown god.
  1466 | D:3      | Reached XP level 5. HP: 38/38 MP: 0/6
  1511 | D:3      | Found a glowing golden altar of the Shining One.
  1573 | D:3      | Killed Grinder
  1573 | D:3      | Reached XP level 6. HP: 45/45 MP: 4/7
  1755 | D:3      | Noticed Natasha
  1800 | D:3      | Killed Natasha
  1882 | D:3      | Noticed Natasha
  1889 | D:3      | Killed Natasha
  1937 | D:3      | Noticed Natasha
  1943 | D:3      | Killed Natasha
  2180 | D:4      | Noticed a phantom
  2187 | D:4      | Killed a phantom
  2187 | D:4      | Reached XP level 7. HP: 50/50 MP: 1/8
  2253 | D:4      | Learned a level 5 spell: Lee's Rapid Deconstruction
  2326 | D:4      | Noticed Ijyb
  2340 | D:4      | Killed Ijyb
  2390 | D:4      | Reached skill level 1 in Unarmed Combat
  2465 | D:4      | Reached skill level 2 in Unarmed Combat
  2684 | D:4      | Learned a level 3 spell: Stone Arrow
  2684 | D:4      | Found a sacrificial altar of Ru.
  2696 | D:4      | Reached skill level 3 in Unarmed Combat
  2912 | D:4      | Reached skill level 4 in Unarmed Combat
  2953 | D:4      | Reached XP level 8. HP: 38/57 MP: 10/10
  3579 | D:5      | Entered Level 5 of the Dungeon
  3604 | D:5      | Found a runed door.
  3653 | D:5      | Reached skill level 5 in Unarmed Combat
  3871 | D:5      | Noticed Duvessa
  3918 | D:5      | Noticed Dowan
  3929 | D:5      | Killed Duvessa
  3929 | D:5      | Reached skill level 6 in Unarmed Combat
  3965 | D:5      | Killed Dowan
  4021 | D:5      | Reached skill level 7 in Unarmed Combat
  4099 | D:5      | Noticed Menkaure
  4104 | D:5      | Killed Menkaure
  4175 | D:5      | Found a hazy altar of Hepliaklqana.
  4238 | D:5      | Reached skill level 8 in Unarmed Combat
  4386 | D:5      | Found a staircase to the Ecumenical Temple.
  4391 | Temple   | Entered the Ecumenical Temple
  4586 | Temple   | Became a worshipper of Makhleb the Destroyer
  4656 | D:5      | Reached XP level 9. HP: 42/61 MP: 11/11
  4908 | D:5      | Noticed Crazy Yiuf
  4912 | D:5      | Killed Crazy Yiuf
  4979 | D:6      | Found Yrovuon's Jewellery Shoppe.
  4996 | D:6      | Reached skill level 9 in Unarmed Combat
  5300 | D:6      | Noticed Sigmund
  5303 | D:6      | Killed Sigmund
  5303 | D:6      | Reached skill level 10 in Unarmed Combat
  5590 | D:7      | Reached * piety under Makhleb
  5633 | D:7      | Found a shattered altar of Ashenzari.
  5688 | D:7      | Found a bloodstained altar of Trog.
  5720 | D:7      | Reached skill level 11 in Unarmed Combat
  5957 | D:7      | Found a radiant altar of Vehumet.
  5975 | D:7      | Found a blossoming altar of Fedhas.
  6013 | D:7      | Found an ornate altar of the Wu Jian Council.
  6092 | D:7      | Found a hazy altar of Hepliaklqana.
  6210 | D:7      | Reached skill level 12 in Unarmed Combat
  6210 | D:7      | Reached XP level 10. HP: 69/69 MP: 4/12
  6283 | D:7      | Reached skill level 1 in Fighting
  6283 | D:7      | Reached skill level 1 in Invocations
  6426 | D:7      | Got a crude ring mail
  6437 | D:7      | Identified the +3 ring mail of Hedging {+Inv} (You found it on level 7 of the Dungeon)
  6810 | D:8      | Found a sand-covered staircase.
  6828 | Ossuary  | Entered an ossuary
  6854 | Ossuary  | Reached ** piety under Makhleb
  7293 | D:8      | Noticed Grum
  7294 | D:8      | Reached *** piety under Makhleb
  7308 | D:8      | Killed Grum
  7499 | D:8      | Found a shadowy altar of Dithmenos.
  7528 | D:8      | Found a bloodstained altar of Trog.
  7862 | D:9      | Noticed a two-headed ogre
  7867 | D:9      | Killed a two-headed ogre
  7935 | D:9      | Reached skill level 10 in Earth Magic
  7972 | D:9      | Noticed a two-headed ogre
  7984 | D:9      | Killed a two-headed ogre
  7984 | D:9      | Reached XP level 11. HP: 85/85 MP: 13/13
  8025 | D:9      | Reached skill level 5 in Fighting
  8025 | D:9      | Reached skill level 5 in Invocations
  8069 | D:9      | Reached skill level 13 in Unarmed Combat
  8210 | D:9      | Found a blossoming altar of Fedhas.
  8255 | D:9      | Found a shimmering altar of Xom.
  8387 | D:9      | Reached **** piety under Makhleb
  8464 | D:10     | Entered Level 10 of the Dungeon
  8567 | D:10     | Found a staircase to the Lair.
  8679 | D:10     | Noticed a two-headed ogre
  8686 | D:10     | Killed a two-headed ogre
  8870 | D:10     | Found a staircase to the Orcish Mines.
  9095 | D:10     | Noticed a two-headed ogre
  9108 | D:10     | Killed a two-headed ogre
  9206 | Lair:1   | Entered Level 1 of the Lair of Beasts
 10130 | Lair:1   | Upgraded the game from 0.20-a0-1122-gb7cbeb9 to 0.20-a0-1124-g2e29d97
 10155 | Lair:2   | Found an ancient bone altar of Kikubaaqudgha.
 10163 | Lair:2   | Got an iridescent shortbow
 10164 | Lair:2   | Identified the +1 shortbow "Pakluf Daink" {freeze, rElec rC+ rN+} (You found it on level 2 of the Lair of Beasts)
 10215 | Lair:2   | Reached XP level 12. HP: 97/97 MP: 16/16
 10483 | Lair:2   | Reached skill level 14 in Unarmed Combat
 10491 | Lair:2   | Reached ***** piety under Makhleb
 10910 | Lair:2   | Noticed grisnicke's ghost (journeyman HaSk)
 10940 | Lair:2   | Killed grisnicke's ghost
 11481 | Lair:3   | Found a hole to the Spider Nest.
 11716 | Lair:3   | Noticed Harold
 11731 | Lair:3   | Killed Harold
 11860 | Lair:3   | Found a staircase to the Shoals.
 11870 | Lair:3   | Reached XP level 13. HP: 58/108 MP: 18/18
 12421 | Lair:4   | Noticed Rupert
 12425 | Lair:4   | Paralysed by Rupert for 2 turns
 12434 | Lair:4   | Killed Rupert
 12434 | Lair:4   | Reached skill level 1 in Shields
 12534 | Lair:4   | Noticed Kirke
 12550 | Lair:4   | Reached skill level 15 in Unarmed Combat
 12554 | Lair:4   | Noticed an Executioner
 12558 | Lair:4   | Noticed an ice dragon
 12743 | Lair:4   | Killed an ice dragon
 12747 | Lair:4   | Got a heavily runed chain mail
 13413 | D:11     | Identified the +6 chain mail of the Sunfish {Dex+3} (You found it on level 4 of the Lair of Beasts)
 13697 | D:11     | Reached skill level 5 in Dodging
 13869 | D:12     | Reached skill level 1 in Armour
 14921 | D:13     | Noticed Amnesiac's ghost (journeyman DEIE)
 14925 | D:13     | Noticed a vault guard
 14930 | D:13     | Noticed a vault guard
 14930 | D:13     | Noticed a vault guard
 14937 | D:13     | Noticed a vault guard
 14940 | D:13     | Killed Amnesiac's ghost
 14962 | D:13     | Killed a vault guard
 14965 | D:13     | Killed a vault guard
 14994 | D:13     | Reached XP level 14. HP: 94/118 MP: 20/20
 15032 | D:13     | Reached skill level 16 in Unarmed Combat
 15037 | D:13     | Got a bound marble ring
 15041 | D:13     | Found a gate to the Vaults.
 15100 | D:13     | Reached skill level 10 in Invocations
 16598 | Orc:1    | Entered Level 1 of the Orcish Mines
 16598 | Orc:1    | Noticed an orc warlord
 16598 | Orc:1    | Noticed a stone giant
 16600 | Orc:1    | Noticed a cacodemon
 16793 | Orc:2    | Entered Level 2 of the Orcish Mines
 16798 | Orc:2    | Reached skill level 5 in Shields
 16842 | Orc:1    | Found a frozen archway.
 16945 | IceCv    | Entered an ice cave
 16972 | IceCv    | Identified the ring "Noileq" {*Tele rPois rC+ Str+4} (You found it on level 13 of the Dungeon)
 17212 | Orc:2    | Killed an orc warlord
 17319 | Orc:2    | Found Soazusch's Quality Used Wands.
 17531 | Orc:1    | Killed a stone giant
 17845 | Orc:1    | Reached ****** piety under Makhleb
 18198 | Orc:2    | Noticed an orc warlord
 18205 | Orc:2    | Reached skill level 5 in Armour
 18228 | Orc:2    | Killed an orc warlord
 18310 | Orc:2    | Found a staircase to the Elven Halls.
 18362 | Orc:2    | Found a roughly hewn altar of Beogh.
 18377 | Orc:2    | Found Terchajale's Antique Weapon Shoppe.
 18422 | Orc:2    | Found Zeohug's General Store.
 18504 | Orc:2    | Found Ynunotar's Antique Armour Shoppe.
 18510 | Orc:2    | Bought a pair of runed gloves for 240 gold pieces
 18510 | Orc:2    | Bought a pair of runed boots for 240 gold pieces
 18530 | Orc:2    | Bought a transparent scarf for 320 gold pieces
 18540 | Orc:2    | Identified the scarf "Docwa" {-Tele Regen+ Stlth+} (You bought it in a shop on level 2 of the Orcish Mines)
 18560 | Orc:2    | Found Unogarhoto's Jewellery Shoppe.
 18568 | Orc:2    | Bought a +2 amulet of reflection for 82 gold pieces
 18701 | Orc:2    | Reached skill level 17 in Unarmed Combat
 19052 | D:6      | Bought the ring of Shadows {Umbra +Inv Stlth+} for 560 gold pieces
 19408 | Lair:4   | Killed Kirke
 19490 | Lair:4   | Reached XP level 15. HP: 102/123 MP: 22/22
 20224 | Lair:5   | Found a staircase to the Slime Pits.
 20780 | Lair:6   | Entered Level 6 of the Lair of Beasts
 20973 | Lair:6   | Found a labyrinth entrance.
 20982 | Lab      | Entered a labyrinth
 22115 | Lair:6   | Reached skill level 18 in Unarmed Combat
 23214 | D:15     | Entered Level 15 of the Dungeon
 23274 | D:15     | Reached XP level 16. HP: 91/132 MP: 24/24
 24129 | D:15     | Found a staircase to the Depths.
 24417 | Orc:2    | Bought a polished chain mail for 304 gold pieces
 24427 | Orc:2    | Identified the +1 chain mail "Anle Quo" {+Blink +Fly Str+3} (You bought it in a shop on level 2 of the Orcish Mines)
 24454 | Orc:2    | Bought a cursed ring of see invisible for 132 gold pieces
 24665 | Spider:1 | Entered Level 1 of the Spider Nest
 24863 | Spider:1 | Reached skill level 19 in Unarmed Combat
 25576 | Spider:2 | Noticed Louise
 25576 | Spider:2 | Cast into level 3 of the Abyss (Louise)
 25577 | Abyss:3  | Found a corrupted altar of Lugonu.
 25698 | Abyss:3  | Found a deep blue altar of Sif Muna.
 25700 | Abyss:3  | Noticed a daeva
 25709 | Abyss:3  | Noticed a tentacled starspawn
 25845 | Abyss:3  | Noticed a tentacled starspawn
 25856 | Abyss:3  | Noticed a tentacled starspawn
 25876 | Abyss:3  | Found a corrupted altar of Lugonu.
 25909 | Abyss:3  | Fell from the grace of Makhleb
 25909 | Abyss:3  | Became a worshipper of Lugonu the Unformed
 25909 | Abyss:3  | Reached * piety under Lugonu
 25913 | Spider:2 | Escaped the Abyss
 25943 | Spider:2 | Cast into level 3 of the Abyss (Louise)
 26094 | Spider:2 | Escaped the Abyss
 26146 | Spider:2 | Killed Louise
 26833 | Spider:2 | HP: 4/132 [entropy weaver (12)]
 26834 | Spider:2 | Slain by an entropy weaver

Vault maps used:
D:1:      minmay_arrival_arboretum_small
D:2:      cheibrodos_helix_gallery, nemelex_xobeh_ov_fountains_minmay,
          yredelemnul_altar_generic, chequers_ecumenical_altar_simple,
          minmay_misc_feat_columns, elyvilon_altar_5, uniq_terence
D:3:      tso_metal_star, first_bread, uniq_grinder, uniq_natasha
D:4:      lemuel_round_altar, minmay_snake_closets, uniq_ijyb
D:5:      cheibrodos_iron_armory, kennysheep_little_box, temple_doors_e,
          uniq_duvessa, uniq_crazy_yiuf_cottage, uniq_menkaure
D:6:      serial_shops, shop, uniq_sigmund
D:7:      lemuel_crystal_altar, lemuel_round_altar, overflow_temple_1_default,
          nicolae_ashenzari_panopticon, basic_altar, chequers_big_river,
          the_bakery, trog_three_pillars_becter
D:8:      grunt_dithmenos_shadows, trog_ov_bears_minmay,
          nicolae_ossuary_entry_giza, st_stairs_9, lemuel_flamethrower_2,
          uniq_grum
D:9:      old_standard_altar, fedhas_altar_3
D:10:     david_lair_shrubbed, orc_0_dummy
D:12:     st_stairs_5, feat_on_display
D:13:     lightli_vaults_fourway_checkpoint, serial_bayou_lagoon_a
D:14:     minmay_misc_feat_room
D:15:     grunt_enter_depths_magical_seal, minmay_misc_feat_chi
Temple:   compressed_dpeg_triangle_lava_temple
Lair:1:   minivault_27, serial_bayou_lake_a
Lair:2:   regret_index_wax_grids, basic_altar, infiniplex_staircase_pool_2,
          minmay_lair_oklob_chamber
Lair:3:   elwin_shoals_entry_rooms, spider_nest_entry_webs, beast_lair_carwin_1,
          uniq_harold
Lair:4:   bobbens_ice_dragon_lair, uniq_kirke, uniq_rupert
Lair:5:   minmay_slime_entry_jelly_boxes, special_room, beast_lair_carwin_10,
          serial_bayou_shore_a, grunt_megastairs_5
Lair:6:   evilmike_catoblepas_cave, lab_entry_generic,
          kennysheep_basilisk_garden, grunt_megastairs_1
Spider:1: spider_trap, guppyfry_spider_mini_2
Spider:2: spider_trap, uniq_louise, uniq_roxanne
Orc:1:    portal_ice_cave_entry_imps
Orc:2:    grunt_orc_cross, nicolae_for_you_no_charge
Abyss:3:  guppyfry_abyss_exit_glass_guarded, hangedman_shadowy_showcase,
          evilmike_abyss_exit_13, nicolae_abyss_rune_left_handed,
          hangedman_abyss_or_decor_stabs, minivault_25
Lab:      nicolae_lab_statue, nicolae_lab_do_over, labyrinth_skeletal_remains,
          lab_statue, nicolae_lab_arrow
Ossuary:  ossuary_minmay_scorpions
IceCv:    ice_cave_small_necro

Skill      XL: |  1  2  3  4  5  6  7  8  9 10 11 12 13 14 15 16 |
---------------+-------------------------------------------------+-----
Earth Magic    | 4 5 6 7 8 9 10 11 12 | 12.0
Spellcasting   | 2 3 4 |  4.0
Unarmed Combat | 4 8 12 13 14 15 17 18 19 | 19.8
Fighting       | 4 6 8 9 |  9.0
Invocations    | 4 6 8 9 11 12 13 | 13.0
Dodging        | 4 5 |  5.0
Shields        | 3 6 7 9 |  9.3
Armour         | 2 5 7 |  7.0
Stealth        | |  2.1
Transmutations | |  0.8

Action                   |  1- 3 |  4- 6 |  7- 9 | 10-12 | 13-15 | 16-18 || total
-------------------------+-------+-------+-------+-------+-------+-------++-------
Melee: Unarmed           |    63 |    64 |   367 |   568 |  1328 |   555 ||  2945
       Punch             |       |       |     7 |    25 |     6 |       ||    38
       Staff             |       |       |       |       |     5 |       ||     5
 Cast: Sandblast         |    32 |    52 |   110 |   145 |    42 |   116 ||   497
       Stone Arrow       |       |       |     9 |       |       |       ||     9
       Lee's Rapid Decon |       |       |     1 |       |     4 |       ||     5
Invok: Minor Destruction |       |       |       |   329 |   549 |   247 ||  1125
       Lesser Servant of |       |       |       |     5 |     8 |     1 ||    14
       Major Destruction |       |       |       |     1 |     7 |       ||     8
       Greater Servant o |       |       |       |       |    13 |     2 ||    15
       Depart the Abyss  |       |       |       |       |       |     1 ||     1
Evoke: Wand              |       |     2 |    13 |    17 |    20 |     6 ||    58
       Box of beasts     |       |       |       |     1 |     8 |       ||     9
       Fan of gales      |       |       |       |       |     1 |       ||     1
       Lamp of fire      |       |       |       |       |       |     1 ||     1
       Phial of floods   |       |       |       |       |       |     1 ||     1
  Use: Scroll            |     9 |     2 |     5 |    19 |    17 |    12 ||    64
       Potion            |     1 |     3 |     7 |     2 |    12 |    21 ||    46
 Stab: Invisible         |       |     2 |       |       |    16 |       ||    18
       Sleeping          |       |       |     1 |       |       |       ||     1
       Distracted        |       |       |       |     2 |     9 |       ||    11
       Paralysed         |       |       |       |       |     3 |       ||     3
       Petrified         |       |       |       |       |     9 |       ||     9
       Confused          |       |       |       |       |     1 |       ||     1
  Eat: Chunk             |     9 |    17 |    20 |   115 |   155 |    45 ||   361
Armor: Robe              |    16 |    11 |     2 |       |       |       ||    29
       Leather armour    |       |       |   166 |    28 |    27 |       ||   221
       Ring mail         |       |       |       |   239 |       |       ||   239
       Chain mail        |       |       |       |       |   688 |   382 ||  1070
Dodge: Dodged            |    47 |    58 |   248 |   330 |   322 |   192 ||  1197
       Deflected         |       |       |       |       |    12 |    14 ||    26
Block: Shield            |       |       |       |       |   599 |   448 ||  1047
       Reflection        |       |       |       |       |     9 |    27 ||    36
